 Dungeon Crawl Stone Soup version 0.30-a0-800-g7c544603b3 (webtiles) character file.

Game seed: 7529856668480808886

18 Pimp the Conjurer (level 2, 0/2 (17) HPs)
             Began as a Tengu Reaver on Feb 21, 2023.
             Slain by a jackal (1 damage)
             ... on level 1 of the Dungeon.
             The game lasted 00:03:22 (481 turns).

Pimp the Conjurer (Tengu Reaver)                     Turns: 481, Time: 00:03:23

HP:   0/2 (17)      AC:  3    Str: 12    XL:     2   Next: 66%
MP:   6/6           EV: 12    Int: 13    God:
Gold: 10            SH:  0    Dex: 12    Spells: 4/5 levels left

rFire   . . .      SeeInvis .    a - +0 spear
rCold   . . .      Faith    .    (no shield)
rNeg    . . .      Spirit   .    b - +0 leather armour
rPois   .          Reflect  .    (helmet restricted)
rElec   .          Harm     .    (no cloak)
rCorr   .          Rampage  .    (no gloves)
Will    .....                    (boots unavailable)
Stlth   +                        (no amulet)
HPRegen 0.20/turn                (no ring)
MPRegen 0.10/turn                (no ring)

@: extremely drained
A: beak, talons 3
a: no special abilities


You were on level 1 of the Dungeon.
You visited 1 branch of the dungeon, and saw 1 of its levels.

You collected 10 gold pieces.

Inventory:

Hand Weapons
 a - a +0 spear (weapon)
Armour
 b - a +0 leather armour (worn)
Scrolls
 d - a scroll of identify {unknown}
Potions
 c - a potion of berserk rage {unknown}


   Skills:
 + Level 2.2 Fighting
 + Level 3.5 Polearms
 + Level 0.0 Armour
 * Level 2.4 Dodging
 + Level 2.2 Spellcasting
 + Level 4.2 Conjurations


You had 4 spell levels left.
You knew the following spells:

 Your Spells              Type           Power      Damage    Failure   Level
a - Kiss of Death         Conj/Necr      24%        2d7       13%         1

Your spell library contained the following spells:

 Spells                   Type           Power      Damage    Failure   Level
 Momentum Strike          Conj/Tloc      12%        3d8       21%         2
 Hailstorm                Conj/Ice       6%         3d4       36%         3


Dungeon Overview and Level Annotations

Branches:
Dungeon (1/15)

Altars:

Shops:
D:1 *


Innate Abilities, Weirdness & Mutations

You have a beak for a mouth.
You have claws for feet.


Message History

Casting: Kiss of Death (safe; 13% risk of failure)
Confirm with . or Enter, or press ? or * to list all spells.
Aiming: Kiss of Death (safe; 13% risk of failure)
Press: ? - help, Shift-Dir - straight line, f - kobold
Aim: a kobold, wielding a +0 short sword and quivering stones (100% to hit)
The negative energy hits the kobold!
The kobold is drained!
You kill the kobold!
You feel drained.
Things that are here:
a +0 short sword; 2 stones
Okay, then.
Found a spear.
You see here a +0 spear.
A frilled lizard comes into view.
Reach: a) +0 spear
Press: ? - help, Dir - move target, f - frilled lizard
Aim: a frilled lizard (about 56% to evade your +0 spear)
You reach to attack!
You barely miss the frilled lizard.
Unknown command.
You barely miss the frilled lizard. The frilled lizard barely misses you.
You closely miss the frilled lizard. Your kick misses the frilled lizard.
You punch the frilled lizard.
You kill the frilled lizard!
A jackal comes into view.
The jackal barks!
You hear a bark!
You see here a frilled lizard corpse.
A jackal comes into view.
You hit the jackal but do no damage. Your kick misses the jackal.
The jackal bites you but does no damage.
The jackal barely misses you. x3
You hit the jackal.
The jackal is severely wounded.
The jackal barely misses you.
The jackal bites you but does no damage.
The jackal bites you.
Ouch! That really hurt!
You hit the jackal but do no damage. Your kick misses the jackal.
The jackal bites you.
Ouch! That really hurt!
You die...

.....##...##......# #
....... #...##......####
####..... #...##.........#
........#####...#...........
....................##......
....................###.)...
....................# #.....
...................## #.....
.......†..h@h#.#...####.....
...#.#....##................
#....##................
#....##................
#....##..).............
....##########.#####....
.....# .............#....
...... .............#...)
.......)..........


You could see 2 jackals.

Vanquished Creatures
  2 ball pythons (D:1)
  3 bats (D:1)
  3 endoplasms (D:1)
  A goblin (D:1)
  2 hobgoblins (D:1)
  A frilled lizard (D:1)
  3 kobolds (D:1)
  A rat (D:1)
16 creatures vanquished.

Notes
Turn   | Place    | Note
-------+----------+-------------------------------------------
     0 | D:1      | Pimp the Tengu Reaver began the quest for the Orb.
     0 | D:1      | Reached XP level 1. HP: 12/12 MP: 4/4
   124 | D:1      | Reached XP level 2. HP: 11/14 MP: 6/6
   157 | D:1      | Found Jalu's Assorted Antiques.
   481 | D:1      | Slain by a jackal

Illustrated notes

Levels and vault maps discovered:
D:1:      scummos_arrival_gate, layout_basic, serial_shops,
          nicolae_shop_overgrown_old_shop, ebering_ecumenical_altar_box

Action                     || total
---------------------------++-------
  Melee: Spear             ||    23
         Peck              ||     3
         Kick              ||     2
         Punch             ||     1
   Cast: Kiss of Death     ||     7
 Armour: Leather armour    ||    11
  Dodge: Dodged            ||    21

Table legend: (Time is in decaauts)
 A = Elapsed time spent in this place.
 B = Non-inter-level travel time spent in this place.
 C = Inter-level travel time spent in this place.
 D = Time resting spent in this place.
 E = Time spent auto-exploring this place.
 F = Levels seen in this place.
 G = Mean time per level.
                   A        B        C        D        E       F      G
               +--------+--------+--------+--------+--------+-----+--------+
         Total |    479 |    469 |     10 |     40 |    314 |   1 |  479.0 |
       Dungeon |    479 |    469 |     10 |     40 |    314 |   1 |  479.0 |
               +--------+--------+--------+--------+--------+-----+--------+

Top non-repeatable levels by time:
     D:1: 479 daAuts
